 Dungeon Crawl Stone Soup version 0.26.0-11-g8f856b5395 (webtiles) character file.

Game seed: 6824651376180953266

459 Descartes the Magician (level 6, 0/32 HPs)
             Began as a Deep Elf Hedge Wizard on Jan 15, 2021.
             Slain by a worker ant (4 damage)
             ... on level 4 of the Dungeon.
             The game lasted 00:13:18 (5492 turns).

Descartes the Magician (Deep Elf Hedge Wizard)      Turns: 5492, Time: 00:13:18

Health: 0/32       AC:  3    Str:  7    XL:     6   Next: 78%
Magic:  6/15       EV: 14    Int: 21    God:
Gold:   172        SH:  0    Dex: 20    Spells: 9/15 levels left

rFire    . . .     SeeInvis .   y - +1 dagger (venom)
rCold    . . .     Faith    .   (no shield)
rNeg     . . .     Spirit   .   x - +0 leather armour
rPois    .         Reflect  .   c - +0 hat
rElec    .         Harm     .   (no cloak)
rCorr    .         Rampage  .   (no gloves)
Will     .....                  (no boots)
Stlth    +++.......             (no amulet)
HPRegen  0.10/turn              n - +6 ring of dexterity
MPRegen  0.14/turn              (no ring)

@: lethally poisoned (0 -> -17), attractive
A: no striking features
a: no special abilities


You were on level 4 of the Dungeon.
You visited 1 branch of the dungeon, and saw 4 of its levels.

You collected 172 gold pieces.

Inventory:

Hand Weapons
 b - a +1 dagger of draining
 w - a +3 halberd
 y - a +1 dagger of venom (weapon)
 C - a +2 hand axe of freezing
Missiles
 h - 95 stones
 r - 47 arrows
 A - 3 javelins (quivered)
 B - 2 boomerangs
Armour
 c - a +0 hat (worn)
 o - a +0 buckler
 x - a +0 leather armour (worn)
Jewellery
 n - a +6 ring of dexterity (left hand)
Wands
 F - a wand of paralysis (10)
Scrolls
 d - 3 scrolls of enchant weapon {unknown}
 f - a scroll of amnesia {unknown}
 g - 2 scrolls of blinking {unknown}
 i - 2 scrolls of teleportation {unknown}
 l - a scroll of fear {unknown}
 q - 3 scrolls of identify {unknown}
 s - a scroll of remove curse {unknown}
 u - 2 scrolls of fog {unknown}
 D - a scroll of random uselessness {unknown}
Potions
 a - a potion of brilliance {unknown}
 j - a potion of lignification {unknown}
 k - a potion of attraction
 m - 2 potions of curing {unknown}
 t - a potion of ambrosia {unknown}
 z - a potion of mutation {unknown}
 E - a potion of flight {unknown}


   Skills:
 + Level 4.0 Dodging
 + Level 4.2 Stealth
 * Level 2.4 Shields
 - Level 5.0 Spellcasting
 * Level 4.1 Conjurations
 - Level 1.1 Summonings
 - Level 3.0 Translocations


You had 9 spell levels left.
You knew the following spells:

 Your Spells              Type           Power        Failure   Level
a - Magic Dart            Conj           88%          3%          1
b - Blink                 Tloc           N/A          7%          2
c - Mephitic Cloud        Conj/Pois/Air  11%          28%         3

Your spell library contained the following spells:

 Spells                   Type           Power        Failure   Level
 Call Imp                 Summ           9%           16%         2
 Conjure Flame            Conj/Fire      13%          22%         3
 Slow                     Hex            5%           24%         2


Dungeon Overview and Level Annotations

Branches:
Dungeon (4/15)
 Temple: D:4-7

Altars:


Message History

Aim: a worker ant (moderately wounded, 0% to evade)
The magic dart hits the worker ant but does no damage.
The worker ant is moderately wounded.
You feel sick. The worker ant bites you.
Casting: Magic Dart (safe; 3% risk of failure)
Confirm with . or Enter, or press ? or * to list all spells.
Aiming: Magic Dart (safe; 3% risk of failure)
Press: ? - help, Shift-Dir - straight line, f/p - worker ant
Aim: a worker ant (moderately wounded, 0% to evade)
The magic dart hits the worker ant.
The worker ant is heavily wounded.
You feel sick. The worker ant closely misses you. The worker ant bites you!
* * * LOW HITPOINT WARNING * * *
You are more poisoned.
The worker ant poisons you!
It was a potion of attraction.
You feel attractive to monsters.
* * * LOW HITPOINT WARNING * * *
You feel sick. The worker ant bites you.
You die...

#.# #.# #. .# ####.##
.......
.......#################
.......#.†..............
.......#.##############.
......B#.# #. .......@.#
#. #####....# #. #....#
#. #....# #. #####
####.# #. ....# #.# #.
##.## #.. #. ##.# #####
#. ...# #..# #.


You could see a worker ant.

Vanquished Creatures
  Blork the orc (D:4)
  A bullfrog (D:3)
  2 orc priests (D:3)
  Jessica (D:2)
  4 orc wizards (D:4)
  A gnoll (D:1)
  5 adders
  An ooze (D:3)
  2 dart slugs
  5 leopard geckos
  15 orcs
  8 bats
  A giant cockroach (D:1)
  5 goblins
  9 hobgoblins
  6 kobolds
  A quokka (D:2)
  2 ball pythons
  A ball python skeleton (D:4)
  3 frilled lizards
  2 rats (D:3)
76 creatures vanquished.

Notes
Turn   | Place    | Note
-------+----------+-------------------------------------------
     0 | D:1      | Descartes the Deep Elf Hedge Wizard began the quest for the
                  | Orb.
     0 | D:1      | Reached XP level 1. HP: 10/10 MP: 7/7
   225 | D:1      | You fall into a shaft and drop 1 floor!
   265 | D:2      | Reached XP level 2. HP: 15/15 MP: 3/9
   974 | D:2      | Reached XP level 3. HP: 19/19 MP: 4/11
  1360 | D:2      | Noticed Jessica
  1367 | D:2      | Killed Jessica
  1977 | D:1      | Reached XP level 4. HP: 24/24 MP: 10/12
  2907 | D:3      | Reached skill level 5 in Spellcasting
  3204 | D:3      | Reached skill level 1 in Shields
  3204 | D:3      | Reached XP level 5. HP: 24/28 MP: 10/14
  3760 | D:3      | Reached XP level 6. HP: 32/32 MP: 7/15
  4293 | D:4      | Noticed Blork the orc
  4308 | D:4      | Killed Blork the orc
  4960 | D:4      | Learned a level 2 spell: Blink
  4964 | D:4      | Learned a level 3 spell: Mephitic Cloud
  5492 | D:4      | Slain by a worker ant

Illustrated notes

Levels and vault maps discovered:
D:1:      tarquinn_simple_flora_water_e, layout_loops_ring
D:2:      layout_basic, uniq_jessica
D:3:      layout_rooms, minmay_pentomino_pile
D:4:      layout_basic, minmay_small_thing, uniq_blork_the_orc

Skill      XL: |  1  2  3  4  5  6 |
---------------+-------------------+-----
Conjurations   | 2 3 4 |  4.1
Dodging        | 3 4 |  4.0
Stealth        | 3 4 |  4.2
Translocations | 2 3 |  3.0
Spellcasting   | 5 |  5.0
Shields        | 1 2 |  2.4
Summonings     | |  1.1

Action                   |  1- 3 |  4- 6 || total
-------------------------+-------+-------++-------
Melee: Dagger            |     5 |    28 ||    33
       Spear             |    10 |    17 ||    27
 Cast: Magic Dart        |    67 |   158 ||   225
  Use: Potion            |       |     1 ||     1
Armor: Robe              |     4 |     2 ||     6
       Leather armour    |       |     4 ||     4
Dodge: Dodged            |    25 |    42 ||    67
